 Dungeon Crawl Stone Soup version bcrawl-1.21.3 (webtiles) character file.

Game seed: 1750848117985799762

403142 petercordia2 the Warrior (level 22, -14/164 HPs)
             Began as a Mummy Fighter on Mar 30, 2020.
             Was the Champion of Hepliaklqana.
             Killed from afar by a hellion (32 damage)
             ... with hellfire
             ... in Pandemonium on Mar 31, 2020.
             The game lasted 03:42:09 (46954 turns).

petercordia2 the Warrior (Mummy Fighter)           Turns: 46954, Time: 03:42:09

Health: -14/164    AC: 49    Str: 29    XL:     22   Next: 0%
Magic:  41/41      EV: 12    Int: 10    God:    Hepliaklqana [******]
Gold:   2562       SH: 21    Dex: 14    Spells: 18/21 levels left

rFire    + + .     SeeInvis +   a - +9 eveningstar (elec)
rCold    + + +     Gourm    .   v - +6 medium shield of Perfidy {rC+ Regen+ Str+2}
rNeg     + + +     Faith    +   h - +10 crystal plate armour "Adoeqit" {rC+ SInv}
rPois    ∞         Spirit   .   j - +0 hat {MR+}
rElec    +         Reflect  .   z - +2 cloak {+Inv}
rCorr    .         Harm     .   E - +2 pair of gloves {Dex+3}
MR       +++..     Clarity  +   C - +0 pair of boots {run}
Stlth    ..........             U - amulet of Wyni {Faith rElec rF++}
HPRegen  0.77/turn              O - ring of Olipemp {Wiz rF+ MP+9 Slay+5}
MPRegen  0.27/turn              V - ring of Robustness {AC+8}

@: about to teleport, quick
A: no food or potions, fire vulnerability, reduced essence, clarity, cold
resistance 1, negative energy resistance 3, torment resistance, unbreathing, in
touch with death 1
}: 3/15 runes: barnacled, slimy, gossamer
a: Recall Ancestor, Ancestor Identity, Transference, Incarnate, Renounce
Religion, Evoke Invisibility


You were in Pandemonium.
You worshipped Hepliaklqana.
Hepliaklqana was exalted by your worship.
You were not hungry.

You visited 8 branches of the dungeon, and saw 36 of its levels.
You visited Pandemonium 1 time, and saw 2 of its levels.
You also visited: Ice Cave.

You collected 4931 gold pieces.
You spent 2369 gold pieces at shops.

Inventory:

Hand Weapons
 a - a +9 eveningstar of electrocution (weapon)
 b - a +0 blowgun
Missiles
 d - 1555 tomahawks (quivered)
 q - 185 needles of confusion
 N - 27 needles of frenzy
 Q - 9 throwing nets {!f}
 R - 295 javelins of penetration
Armour
 h - the +10 crystal plate armour "Adoeqit" (worn) {rC+ SInv}
   (You took it off a deep elf high priest on level 3 of the Elven Halls)

   It protects you from cold.
   It lets you see invisible.
 j - a +0 hat of magic resistance (worn)
 v - the +6 medium shield of Perfidy (worn) {rC+ Regen+ Str+2}
   (You found it on level 8 of the Dungeon)

   It affects your strength (+2).
   It protects you from cold.
   It increases your rate of regeneration.
 z - a +2 cloak of invisibility (worn)
 C - a +0 pair of boots of running (worn)
 E - a +2 pair of gloves of dexterity (worn)
Jewellery
 k - an uncursed ring of see invisible
 r - the ring of Ryarghaso {rF+ rC++ MR+ Str-2 Stlth+}
   (You found it on level 5 of the Pits of Slime)

   [ring of strength]

   It affects your strength (-2).
   It protects you from fire.
   It greatly protects you from cold.
   It affects your resistance to hostile enchantments.
   It makes you more stealthy.
 J - the ring of Makhleb's Scorn {+Inv rPois rF+ Int+4 Dex+9}
   (You found it on level 6 of the Lair of Beasts)

   [ring of protection from fire]

   It affects your intelligence (+4).
   It affects your dexterity (+9).
   It protects you from fire.
   It protects you from poison.
   It lets you turn invisible.
 O - the ring of Olipemp (left hand) {Wiz rF+ MP+9 Slay+5}
   (You took it off a deep elf master archer on level 3 of the Elven Halls)

   [ring of wizardry]

   It improves your spell success rate.
   It affects your accuracy and damage with ranged weapons and melee attacks
   (+5).
   It protects you from fire.
   It affects your magic capacity (+9).
 U - the amulet of Wyni (around neck) {Faith rElec rF++}
   (You bought it in a shop in the Orcish Mines)

   [amulet of faith]

   It allows you to gain divine favour quickly.
   It greatly protects you from fire.
   It insulates you from electricity.
 V - the ring of Robustness (right hand) {AC+8}
   (You took it off a deep elf sorcerer on level 3 of the Elven Halls)

   [ring of protection]

   It affects your AC (+8).
 Y - an uncursed ring of flight
Wands
 t - a wand of random effects (25)
 u - a wand of paralysis (7)
 x - a wand of acid (7)
 y - a wand of iceblast (45)
 A - a wand of enslavement (8)
 F - a wand of flame (101)
 H - a wand of disintegration (57)
 K - a wand of digging (16)
Scrolls
 c - 2 scrolls of enchant weapon
 m - 20 scrolls of teleportation
 o - 10 scrolls of remove curse
 p - 5 scrolls of blinking
 s - 6 scrolls of immolation
 w - 7 scrolls of fog
 B - 10 scrolls of magic mapping
 I - 2 scrolls of noise
 P - 2 scrolls of summoning
 T - 3 scrolls of vulnerability
Miscellaneous
 g - a fan of gales
 l - a phial of floods (inert)
 D - a lamp of fire (inert)
 G - a box of beasts
 L - a lightning rod (4/4)
 M - 3 phantom mirrors
 Z - 3 sacks of spiders


   Skills:
 + Level 17.9 Fighting
 - Level 16.0 Maces & Flails
 * Level 14.0 Armour
 + Level 12.2 Dodging
 - Level 15.0 Shields
 - Level 3.0 Invocations
 + Level 13.7 Evocations


You had 18 spell levels left.
You knew the following spells:

 Your Spells              Type           Power        Failure   Level  Hunger
a - Apportation           Tloc           #.....       94%         1    N/A
b - Blink                 Tloc           N/A          98%         2    N/A

Your spell library contained the following spells:

 Spells                   Type           Power        Failure   Level  Hunger
 Animate Skeleton         Necr           N/A          94%         1    N/A
 Blink Other              Tloc           #.....       94%         1    N/A
 Freeze                   Ice            #.....       94%         1    N/A
 Infusion                 Chrm           #.......     94%         1    N/A
 Magic Dart               Conj           #...         94%         1    N/A
 Pain                     Necr           #.....       94%         1    N/A
 Sandblast                Erth           #.....       94%         1    N/A
 Slow                     Hex            #.......     94%         1    N/A
 Sting                    Conj/Pois      #...         94%         1    N/A
 Summon Butterflies       Summ           #.......     94%         1    N/A
 Passwall                 Tmut/Erth      #.......     98%         2    N/A
 Poisonous Vapours        Pois/Air       #.....       98%         2    N/A
 Searing Ray              Conj           #.......     98%         2    N/A
 Song of Slaying          Chrm           #.......     98%         2    N/A
 Sticks to Snakes         Tmut           #.......     98%         2    N/A
 Swiftness                Chrm/Air       #.......     98%         2    N/A
 Beckoning                Tloc           #.........   100%        3    N/A
 Call Canine Familiar     Summ           #.......     100%        3    N/A
 Ignite Poison            Fire/Tmut/Pois #.......     100%        3    N/A
 Iskenderun's Mystic Bla  Conj           #.......     100%        3    N/A
 Ozocubu's Armour         Chrm/Ice       #.......     100%        3    N/A
 Portal Projectile        Tloc           #.....       100%        3    N/A
 Spectral Weapon          Hex/Chrm       #.......     100%        3    N/A
 Teleport Other           Tloc           #.......     100%        3    N/A
 Tukima's Dance           Hex            #.......     100%        3    N/A
 Vampiric Draining        Necr           #.........   100%        3    N/A
 Animate Dead             Necr           N/A          100%        4    N/A
 Cause Fear               Hex            #.........   100%        4    N/A
 Fulminant Prism          Conj/Hex       #.........   100%        4    N/A
 Olgreb's Toxic Radiance  Pois           #.......     100%        4    N/A
 Petrify                  Tmut/Erth      #.......     100%        4    N/A
 Summon Ice Beast         Ice/Summ       #.......     100%        4    N/A
 Summon Scorpions         Summ/Pois      #.......     100%        4    N/A
 Throw Icicle             Conj/Ice       #.......     100%        4    N/A
 Irradiate                Conj/Tmut      #.........   100%        5    N/A
 Lee's Rapid Deconstruct  Erth           #.........   100%        5    N/A
 Metabolic Englaciation   Hex/Ice        #.........   100%        5    N/A
 Passage of Golubria      Tloc           N/A          100%        5    N/A
 Piercing Shot            Chrm           #.........   100%        5    N/A
 Summon Mana Viper        Hex/Summ       #.......     100%        5    N/A
 Venom Bolt               Conj/Pois      #.........   100%        5    N/A
 Bolt of Cold             Conj/Ice       #.........   100%        6    N/A
 Bolt of Fire             Conj/Fire      #.........   100%        6    N/A
 Darkness                 Hex            #.........   100%        6    N/A
 Death Channel            Chrm/Necr      #.........   100%        6    N/A
 Deflect Missiles         Chrm/Air       #.........   100%        6    N/A
 Freezing Cloud           Ice/Air        #.........   100%        6    N/A
 Infestation              Hex/Tmut/Pois  #........    100%        6    N/A
 Invisibility             Hex            #.......     100%        6    N/A
 Ozocubu's Refrigeration  Ice            #.........   100%        6    N/A
 Simulacrum               Ice/Necr       #.........   100%        6    N/A
 Summon Hydra             Summ           #.........   100%        6    N/A
 Icicle Burst             Conj/Ice       #.........   100%        7    N/A
 Monstrous Menagerie      Summ           #.........   100%        7    N/A
 Dragon's Call            Summ           #.........   100%        9    N/A
 Fire Storm               Conj/Fire      #.........   100%        9    N/A
 Beastly Appendage        Tmut           Unusable     N/A         1    N/A
 Regeneration             Chrm/Necr      Unusable     N/A         3    N/A
 Ice Form                 Ice/Tmut       Unusable     N/A         4    N/A
 Tree Form                Hex/Tmut       Unusable     N/A         4    N/A
 Blade Hands              Tmut           Unusable     N/A         5    N/A
 Statue Form              Tmut/Erth      Unusable     N/A         6    N/A
 Dragon Form              Tmut           Unusable     N/A         7    N/A
 Necromutation            Tmut/Necr      Unusable     N/A         8    N/A

Dungeon Overview and Level Annotations

Branches:
Dungeon (12/12)            Temple (0/1) D:7            Lair (6/6) D:7
 Shoals (3/3) Lair:3       Spider (3/3) Lair:4        Slime (5/5) Lair:6
    Orc (1/1) D:9             Elf (3/3) Orc          Vaults (0/3) D:12
 Depths (3/5) D:12

Altars:
Ashenzari
Cheibriados
Dithmenos
Elyvilon
Fedhas
Gozag
Hepliaklqana
Kikubaaqudgha
Okawaru
Qazlal
Ru
Sif Muna
Trog
Vehumet
Wu Jian
Xom
Yredelemnul
Beogh
Jiyva

Shops:
D:4 ?   D:5 :   D:6 (   D:8 [   D:10 :(=[*   D:12 *   Orc =*([   Elf:2 !
Depths:2 ![*

Portals:
Hell: Depths:1 Depths:2 Depths:3
Abyss: Depths:1
Pandemonium: Depths:3
Ziggurat: Depths:3

Annotations:
D:3 Sigmund


Innate Abilities, Weirdness & Mutations

You do not eat or drink.
Your flesh is vulnerable to fire.
You are immune to poison.
You possess an exceptional clarity of mind.
Your flesh is cold resistant. (rC+)
You are immune to negative energy. (rN+++)
You are immune to unholy pain and torment.
You can survive without breathing.
You are in touch with the powers of death.
Your life essence is reduced to manifest your ancestor. (-10% HP)


Message History

The sphere of hellfire explodes!
The hellfire engulfs you!!
The hellfire engulfs the hellion.
The hellion completely resists.
The hellfire engulfs the hellion.
The hellion completely resists.
The hellion gestures at you.
The sphere of hellfire explodes!
The hellfire engulfs you!!
The hellfire engulfs the hellion.
The hellion completely resists.
The hellfire engulfs the hellion.
The hellion completely resists.
The hellion gestures at you.
The sphere of hellfire explodes!
The hellfire engulfs you!!
* * * LOW HITPOINT WARNING * * *
The hellfire engulfs the hellion.
The hellion completely resists.
The hellfire engulfs the hellion.
The hellion completely resists.
The hellion gestures at you.
The sphere of hellfire explodes!
The hellfire engulfs you!!
* * * LOW HITPOINT WARNING * * *
The hellfire engulfs the hellion.
The hellion completely resists.
The hellfire engulfs the hellion.
The hellion completely resists.
The hellion gestures at you.
The sphere of hellfire explodes!
The hellfire engulfs you!!
You die...

...!.........$.
...............
......≈≈≈......
...3≈.≈≈≈≈.....
...≈≈b≈≈§≈§≈...
.2.≈≈≈§§≈≈1≈≈..
..3≈§≈≈..≈≈≈b..
..≈≈≈≈§@2≈≈≈≈≈.
.§§§≈≈2=.2≈§≈≈≈
.≈§≈≈.2&222.≈§≈
.§§§222φY.2.≈≈≈
.≈≈≈...2).2≈≈≈≈
.§§b≈≈2.|2≈≈≈§≈
∩
..≈≈≈≈≈2.§≈≈§≈.
...§§§§..≈≈§§§§


You could see Detwivum, a hellephant, a Shadow Fiend, a balrug, a sun demon, a
sixfirhy, 16 hellions and 3 fire bats.

Vanquished Creatures
  the Royal Jelly (Slime:5)
  Saint Roka (Elf:1)
  Nikola (Depths:2)
  A Shadow Fiend (Depths:2)
  Rupert (Lair:3)
  A lich (Depths:2)
  A deep elf master archer (Elf:3)
  A deep elf blademaster (Elf:2)
  13 acid blobs
  4 sphinxes
  Polyphemus (Shoals:2)
  Kirke (Spider:1)
  2 tengu reavers (Depths:3)
  7 azure jellies (Slime:5)
  A fire giant (Depths:3)
  6 deep elf sorcerers (Elf:3)
  A frost giant (Shoals:3)
  Aizul (Shoals:2)
  A ghost moth (Spider:3)
  6 emperor scorpions
  A deep elf elementalist (Elf:3)
  9 stone giants
  An entropy weaver (Spider:2)
  7 very ugly things
  A vampire knight (Depths:2)
  6 deep elf demonologists
  5 deep elf annihilators (Elf:3)
  Snorg (Lair:5)
  2 spark wasps
  6 deep elf death magi
  2 ettins
  9 death oozes
  2 merfolk javelineers (Shoals:3)
  5 fire dragons
  4 deep elf high priests
  6 great orbs of eyes
  3 merfolk impalers (Shoals:3)
  2 jiangshi (Depths:1)
  A vault guard (D:12)
  9 hydras
  2 alligator snapping turtles (Shoals:3)
  4 yaktaur captains
  2 rakshasas
  6 ice dragons
  A monstrous demonspawn (Depths:3)
  2 spriggan air magi (Depths:3)
  5 merfolk aquamancers
  2 merfolk avatars
  16 dancing weapons
  A satyr (Shoals:3)
  10 death yaks
  A death knight (D:11)
  5 tengu warriors
  2 vampire magi
  4 centaur warriors
  An orc high priest (Orc)
  A two-headed ogre (D:11)
  5 deep troll shamans
  7 deep troll earth magi (Depths:1)
  3 spriggan berserkers (Depths:3)
  Urug (Lair:3)
  4 deep elf knights
  5 skeletal warriors
  7 deep trolls (Depths:1)
  Nergalle (D:11)
  2 iron trolls (Depths:1)
  A spriggan (Depths:3)
  A flayed ghost (Depths:3)
  22 hell knights
  A death drake (shapeshifter) (D:12)
  2 sea snakes (Shoals:3)
  4 deep elf archers
  A gelid demonspawn (Depths:3)
  An infernal demonspawn (Pan)
  2 wizards
  6 cyclopes
  A glowing orange brain (Depths:3)
  An orc knight (D:9)
  13 harpies
  A tengu zombie (D:12)
  17 deep elf magi
  11 necromancers
  3 fauns
  3 orc sorcerers
  17 ugly things
  9 orb spiders
  A frost giant zombie (D:12)
  12 wolf spiders
  10 manticores
  A stone giant zombie (D:12)
  6 shining eyes
  A stone giant skeleton (D:12)
  6 elephants
  A centaur zombie (D:12)
  6 merfolk sirens
  2 black mambas
  An ice statue (IceCv)
  2 cane toads
  A torpor snail (Spider:1)
  5 water nymphs
  A cane toad (shapeshifter) (Depths:1)
  An eye of devastation (Slime:5)
  5 large abominations
  A centaur skeleton (D:12)
  A gargoyle (D:10)
  4 komodo dragons
  3 rime drakes
  2 kobold demonologists (D:10)
  8 freezing wraiths
  13 yaktaurs
  10 demonic crawlers
  2 red devils
  11 merfolk
  3 wind drakes
  4 tengu conjurers
  A troll (shapeshifter) (D:11)
  4 meliai
  5 trolls
  25 jumping spiders
  8 blink frogs
  6 hornets
  7 snapping turtles
  55 slime creatures
  4 dream sheep
  A battlemage (Slime:5)
  2 wolf spider simulacra (IceCv)
  8 hippogriffs
  A deep troll zombie (Depths:1)
  A fire giant simulacrum (Depths:1)
  2 air elementals (Elf:1)
  14 yaks
  16 tarantellas
  A wraith (D:11)
  41 redbacks
  15 water elementals
  A basilisk (D:12)
  3 small abominations (Elf:2)
  2 hogs (Spider:1)
  14 humans (D:12)
  A steam dragon (D:7)
  2 hungry ghosts
  A golden eye (Slime:1)
  3 vampire mosquitoes (D:11)
  7 soldier ants (Lair:4)
  2 water moccasins
  3 hell hounds (Elf:1)
  2 acid dragons
  5 crocodiles
  Duvessa (D:6)
  3 porcupines
  A floating eye (Depths:3)
  15 orc warriors
  A black bear (D:6)
  3 sky beasts
  6 ice beasts
  A phantom (D:11)
  An alligator simulacrum (IceCv)
  2 eyes of draining (D:9)
  A necrophage (D:9)
  14 wolves
  7 ogres
  4 boggarts (Depths:2)
  10 centaurs
  3 big kobolds
  7 bullfrogs
  2 elf zombies (Elf:1)
  An earth elemental (Elf:2)
  2 scorpions
  14 killer bees
  A swamp dragon simulacrum (IceCv)
  9 wights
  2 electric eels
  A howler monkey (D:5)
  4 crimson imps
  4 quasits
  5 hounds
  7 jellies
  3 draconian simulacra (IceCv)
  10 orc priests
  5 orc wizards
  Ijyb (D:3)
  5 iguanas
  16 worker ants
  A spriggan simulacrum (IceCv)
  2 troll simulacra (IceCv)
  5 centaur simulacra (IceCv)
  A hound skeleton (D:7)
  Robin (D:3)
  6 gnolls
  11 adders
  2 naga simulacra (IceCv)
  A shadow imp (D:12)
  11 white imps
  An ufetubus (Depths:3)
  5 oozes
  4 worms
  4 dart slugs
  5 leopard geckos
  35 orcs
  2 ball pythons
  5 bats
  2 giant cockroaches
  7 goblins
  6 hobgoblins
  17 jackals
  10 quokkas
  4 frilled lizards
  22 kobolds
  A quokka skeleton (D:4)
  5 rats
  A plant (Shoals:2)
  3 tentacles
1090 creatures vanquished.

Vanquished Creatures (collateral kills)
  Bai Suzhen (Shoals:1)
  A Shadow Fiend (Depths:2)
  A lich (Depths:2)
  Jorgrun (D:10)
  A deep elf master archer (Elf:3)
  2 deep elf blademasters (Elf:3)
  5 acid blobs (Slime:5)
  The ghost of flt the Warrior, an adept DsAc of Hepliaklqana (Elf:3)
  2 sphinxes (Elf:1)
  2 krakens
  2 fire giants
  A ghost moth (Spider:3)
  A deep elf sorcerer (Elf:2)
  2 emperor scorpions (Spider:3)
  An orc warlord (D:9)
  A cacodemon (Depths:3)
  An entropy weaver (Spider:3)
  A deep elf demonologist (Elf:3)
  A deep elf annihilator (Elf:2)
  A spark wasp (Depths:1)
  An ettin (Depths:2)
  3 deep elf death magi
  A death ooze (Slime:1)
  4 merfolk javelineers
  A yaktaur captain (Depths:2)
  A fire dragon (Elf:1)
  A merfolk impaler (Shoals:3)
  5 great orbs of eyes
  2 ice dragons (Depths:2)
  A jiangshi (Depths:1)
  4 hydras
  2 rakshasas (Depths:1)
  2 catoblepae
  5 merfolk aquamancers
  Erica (Lair:1)
  A centaur warrior (D:9)
  3 death yaks (Lair:6)
  A satyr (Shoals:1)
  8 dancing weapons
  A queen ant (Lair:4)
  2 tengu warriors
  A vampire mage (Depths:3)
  A deep troll (Depths:1)
  A sun demon (Pan)
  A skeletal warrior (Depths:2)
  4 deep elf knights
  4 hell knights (Depths:2)
  4 sea snakes
  A glowing orange brain (Slime:5)
  An unseen horror (D:12)
  4 deep elf archers
  A wizard (Elf:2)
  A cyclops (Shoals:3)
  3 necromancers
  9 orb spiders
  2 harpies
  2 orc knights
  7 wolf spiders
  4 ugly things
  9 deep elf magi
  An orc sorcerer (Elf:1)
  A shining eye (Slime:4)
  7 fauns
  4 manticores
  A moth of wrath (Spider:1)
  Maurice (D:10)
  3 black mambas
  8 elephants
  A rust devil (Depths:3)
  8 cane toads
  4 merfolk sirens
  3 water nymphs
  A rime drake (Lair:5)
  2 komodo dragons
  4 freezing wraiths
  An eye of devastation (Slime:4)
  3 yaktaurs
  4 demonic crawlers
  2 tengu conjurers
  A meliai (D:8)
  20 jumping spiders
  14 merfolk
  A hornet (Spider:2)
  A wind drake (Shoals:2)
  2 trolls
  2 polar bears (Lair:6)
  Grinder (D:5)
  A polar bear (shapeshifter) (Elf:2)
  17 slime creatures
  4 small abominations (Elf:2)
  An ice dragon zombie (Depths:1)
  A stone giant simulacrum (Depths:1)
  2 dream sheep
  4 blink frogs
  4 snapping turtles
  A hippogriff (Lair:6)
  3 large abominations
  22 redbacks
  7 yaks
  9 water elementals
  2 shadows (D:12)
  4 tarantellas
  A vampire (D:9)
  Eustachio (D:6)
  6 humans (D:12)
  4 wyverns
  3 hogs (Spider:1)
  A steam dragon (D:7)
  A hungry ghost (D:9)
  5 golden eyes
  4 basilisks
  A chaos spawn (Depths:3)
  2 fire elementals
  A vampire mosquito (D:9)
  4 crocodiles
  4 water moccasins
  13 soldier ants (Lair:4)
  2 porcupines
  A hell hound (Elf:1)
  7 ice beasts
  3 sky beasts
  11 orc warriors
  A black bear (Lair:3)
  3 ogres
  A necrophage (D:12)
  A phantom (D:12)
  An eye of draining (Slime:5)
  6 centaurs
  15 wolves
  3 elf zombies (Elf:1)
  10 bullfrogs
  2 big kobolds
  A gnoll sergeant (D:6)
  Dowan (D:6)
  2 scorpions
  5 killer bees
  3 wights
  2 crimson imps
  2 draconian simulacra (IceCv)
  2 quasits (Depths:3)
  Crazy Yiuf (D:6)
  12 jellies
  A hound (D:6)
  5 orc priests
  A bullfrog skeleton (D:9)
  An iron imp (Depths:3)
  An iguana (D:7)
  13 worker ants
  8 orc wizards
  2 troll simulacra (IceCv)
  A worker ant zombie (D:6)
  2 gnolls
  3 naga simulacra (IceCv)
  4 adders
  A shadow imp (D:7)
  2 white imps (IceCv)
  2 adder zombies
  15 orcs
  3 jackals
  A quokka (D:6)
  3 kobolds
  6 plants
  2 tentacles (Shoals:3)
548 creatures vanquished.

Vanquished Creatures (others)
  A frost giant (Depths:1)
  A deep elf sorcerer (Elf:3)
  A vampire mage (D:12)
  A dancing weapon (Elf:2)
  A spriggan (Depths:3)
  63 battlemagi
  3 fungi
  7 plants
  10 tentacles
  2 withered plants (D:12)
90 creatures vanquished.

Grand Total: 1728 creatures vanquished

Notes
Turn   | Place    | Note
-------+----------+-------------------------------------------
     0 | D:1      | petercordia2 the Mummy Fighter began the quest for the Orb.
     0 | D:1      | Reached XP level 1. HP: 18/18 MP: 1/1
   256 | D:1      | Reached XP level 2. HP: 22/24 MP: 2/2
  1020 | D:2      | Reached XP level 3. HP: 26/29 MP: 3/3
  1604 | D:2      | Reached skill level 1 in Dodging
  1737 | D:2      | Reached XP level 4. HP: 16/35 MP: 4/4
  1972 | D:3      | Noticed Robin
  1977 | D:3      | Killed Robin
  2117 | D:3      | Reached XP level 5. HP: 23/42 MP: 5/5
  2228 | D:3      | Found a shattered altar of Ashenzari.
  2240 | D:3      | Reached skill level 4 in Fighting
  2258 | D:3      | Noticed Sigmund
  2561 | D:3      | Noticed Ijyb
  2577 | D:3      | Killed Ijyb
  2628 | D:3      | Reached XP level 6. HP: 44/49 MP: 6/6
  2639 | D:3      | Found a blossoming altar of Fedhas.
  3117 | D:3      | Found a faded altar of an unknown god.
  3117 | D:3      | Found a faded altar of an unknown god.
  3124 | D:3      | Found a radiant altar of Vehumet.
  3128 | D:3      | Found a stormy altar of Qazlal.
  3132 | D:3      | Found a basalt altar of Yredelemnul.
  3142 | D:3      | Became a worshipper of Hepliaklqana the Forgotten
  3142 | D:3      | Reached * piety under Hepliaklqana
  3279 | D:4      | Noticed a sky beast
  3295 | D:4      | Killed a sky beast
  3426 | D:4      | Found Fexishru's Magic Scroll Boutique.
  3434 | D:4      | Bought a scroll of fear for 38 gold pieces
  3434 | D:4      | Bought a scroll of silence for 82 gold pieces
  3434 | D:4      | Bought a scroll of immolation for 38 gold pieces
  3541 | D:4      | Reached XP level 7. HP: 49/49 MP: 7/7
  3563 | D:4      | Reached skill level 5 in Fighting
  4066 | D:4      | Reached ** piety under Hepliaklqana
  4067 | D:4      | Remembered your ancestor Leofric as a battlemage
  4409 | D:5      | Entered Level 5 of the Dungeon
  4409 | D:5      | Found Zeogadu's Book Shoppe.
  4516 | D:5      | Noticed Grinder
  4676 | D:5      | Killed Grinder
  4676 | D:5      | Reached XP level 8. HP: 51/57 MP: 8/8
  4786 | D:5      | Reached skill level 6 in Fighting
  4808 | D:5      | Found an iron altar of Okawaru.
  4963 | D:5      | Found a shimmering altar of Xom.
  5142 | D:5      | Reached skill level 5 in Maces & Flails
  5587 | D:5      | Reached *** piety under Hepliaklqana
  5725 | D:6      | Found Ofiur's Weapon Boutique.
  5739 | D:6      | Found a white marble altar of Elyvilon.
  5789 | D:6      | Noticed Eustachio
  5947 | D:6      | Reached skill level 7 in Fighting
  5947 | D:6      | Reached XP level 9. HP: 59/64 MP: 6/9
  6042 | D:6      | Killed Eustachio
  6057 | D:6      | Got a translucent ring mail
  6068 | D:6      | Identified the +0 ring mail "Tehirob" {Regen+ Dex+4} (You
                  | found it on level 6 of the Dungeon)
  6223 | D:6      | Noticed Duvessa
  6237 | D:6      | Killed Duvessa
  6239 | D:6      | Found a bloodstained altar of Trog.
  6242 | D:6      | Noticed Dowan
  6250 | D:6      | Killed Dowan
  6433 | D:6      | Reached **** piety under Hepliaklqana
  6497 | D:6      | Found a runed door.
  6664 | D:6      | Noticed Crazy Yiuf
  6675 | D:6      | Killed Crazy Yiuf
  6820 | D:7      | Reached skill level 5 in Shields
  6843 | D:7      | Reached skill level 1 in Evocations
  6843 | D:7      | Reached skill level 8 in Fighting
  6924 | D:7      | Found a staircase to the Ecumenical Temple.
  6935 | D:7      | Reached skill level 5 in Armour
  7041 | D:7      | Reached XP level 10. HP: 58/72 MP: 11/11
  7288 | D:7      | Found a staircase to the Lair.
  7777 | D:7      | Found a shimmering blue altar of Sif Muna.
  8063 | D:8      | Got a twisted medium shield
  8105 | D:8      | Found an opulent altar of Gozag.
  8114 | D:8      | Found a snail-covered altar of Cheibriados.
  8136 | D:8      | Found an ornate altar of the Wu Jian Council.
  8161 | D:8      | Identified the +6 medium shield of Perfidy {rC+ Regen+
                  | Str+2} (You found it on level 8 of the Dungeon)
  8419 | D:8      | Found Epoheec's Antique Armour Emporium.
  8437 | D:8      | Bought a pair of glowing gloves for 157 gold pieces
  8780 | D:8      | Reached skill level 9 in Fighting
  8928 | Lair:1   | Entered Level 1 of the Lair of Beasts
  8962 | Lair:1   | Reached ***** piety under Hepliaklqana
  8985 | Lair:1   | Noticed Erica
  8993 | Lair:1   | Killed Erica
  9060 | Lair:1   | Noticed a cane toad
  9068 | Lair:1   | Killed a cane toad
  9068 | Lair:1   | Reached XP level 11. HP: 62/80 MP: 13/13
  9072 | Lair:1   | Found a sacrificial altar of Ru.
  9325 | Lair:1   | Reached skill level 5 in Dodging
  9367 | Lair:1   | Found a frozen archway.
  9373 | IceCv    | Entered an ice cave
  9906 | IceCv    | Found an ancient bone altar of Kikubaaqudgha.
 10012 | IceCv    | Noticed a necromancer
 10021 | IceCv    | Killed a necromancer
 10021 | IceCv    | Reached skill level 5 in Evocations
 10145 | IceCv    | Reached skill level 10 in Fighting
 10185 | IceCv    | Identified the Compendium of the Snowflakes
 10858 | Lair:2   | Found a bloodstained altar of Trog.
 11020 | Lair:2   | Reached XP level 12. HP: 87/87 MP: 15/15
 12132 | Lair:3   | Noticed Rupert
 12133 | Lair:3   | Paralysed by Rupert for 2 turns
 12135 | Lair:3   | Noticed Urug
 12141 | Lair:3   | Killed Rupert
 12156 | Lair:3   | Killed Urug
 12558 | Lair:3   | Found a staircase to the Shoals.
 12822 | Lair:4   | Noticed a five-headed hydra
 12831 | Lair:4   | Killed a five-headed hydra
 12927 | Lair:4   | Gained mutation: You are in touch with the powers of death.
                  | [Mummy growth]
 12927 | Lair:4   | Reached XP level 13. HP: 94/94 MP: 18/18
 12975 | Lair:4   | Reached skill level 11 in Fighting
 13280 | Lair:4   | Got a twisted hand crossbow
 13349 | Lair:4   | Reached ****** piety under Hepliaklqana
 13711 | Lair:4   | Found a hole to the Spider Nest.
 14186 | Lair:5   | Identified the +2 hand crossbow of Xyzxoir {penet, rPois
                  | MR+ Str+7 Int-5} (You found it on level 4 of the Lair of
                  | Beasts)
 14243 | Lair:5   | Reached skill level 1 in Invocations
 14391 | Lair:5   | Noticed Snorg
 14408 | Lair:5   | Killed Snorg
 15069 | Lair:6   | Entered Level 6 of the Lair of Beasts
 15520 | Lair:6   | Reached skill level 10 in Maces & Flails
 15835 | Lair:6   | Found a staircase to the Slime Pits.
 15849 | Lair:6   | Found a viscous altar of Jiyva.
 15890 | Lair:6   | Reached XP level 14. HP: 39/101 MP: 18/20
 16664 | Lair:6   | Got a coiled platinum ring
 16665 | Lair:6   | Identified the ring of Makhleb's Scorn {+Inv rPois rF+
                  | Int+4 Dex+9} (You found it on level 6 of the Lair of
                  | Beasts)
 17068 | D:9      | Found a hazy altar of Hepliaklqana.
 17332 | D:9      | Found a shadowy altar of Dithmenos.
 17638 | D:9      | Found a staircase to the Orcish Mines.
 17735 | D:9      | Found a sacrificial altar of Ru.
 17835 | D:10     | Entered Level 10 of the Dungeon
 17835 | D:10     | Noticed Maurice
 17843 | D:10     | Killed Maurice
 17990 | D:10     | Found Byorunk's Jewellery Emporium.
 18070 | D:10     | Found Ziurhoqu's Book Emporium.
 18172 | D:10     | Reached skill level 10 in Shields
 18215 | D:10     | Found Nonixom's Antique Weapon Boutique.
 18547 | D:10     | Found Zeuptok's Antique Armour Shop.
 18629 | D:10     | Found Jip Xupt's General Store.
 18851 | D:11     | Noticed Jorgrun
 18864 | D:10     | Killed Jorgrun
 18972 | D:11     | Noticed Nergalle
 18985 | D:11     | Killed Nergalle
 19156 | D:11     | Learned a level 2 spell: Blink
 20112 | D:4      | Bought a scroll of enchant armour for 82 gold pieces
 20665 | D:11     | Reached skill level 12 in Fighting
 20846 | D:12     | Entered Level 12 of the Dungeon
 20846 | D:12     | Noticed a stone giant
 20859 | D:12     | Killed a stone giant
 20859 | D:12     | Reached XP level 15. HP: 81/108 MP: 21/21
 21216 | D:12     | Found a staircase to the Depths.
 21534 | D:12     | Found Wijiopn's Mass Market.
 22022 | D:12     | Found a gate to the Vaults.
 22188 | Orc      | Entered the Orcish Mines
 22337 | Orc      | Noticed an orc warlord
 22503 | D:9      | Killed an orc warlord
 22816 | Orc      | Found a staircase to the Elven Halls.
 23607 | Orc      | Found a staircase to the Elven Halls.
 23712 | Orc      | Found a roughly hewn altar of Beogh.
 23715 | Orc      | Found Busai's Jewellery Shoppe.
 23727 | Orc      | Found Zotroudine's General Store.
 23768 | Orc      | Found Alaed's Antique Weapon Shoppe.
 23801 | Orc      | Found Huczef's Antique Armour Shoppe.
 23987 | Orc      | Bought the amulet of Wyni {Faith rElec rF++} for 929 gold
                  | pieces
 24009 | Orc      | Bought a scroll of summoning for 114 gold pieces
 24009 | Orc      | Bought a scroll of teleportation for 36 gold pieces
 24009 | Orc      | Bought a scroll of teleportation for 36 gold pieces
 24750 | Spider:1 | Entered Level 1 of the Spider Nest
 24773 | Spider:1 | Reached skill level 10 in Evocations
 24894 | Spider:1 | Noticed Kirke
 24906 | Spider:1 | Killed Kirke
 25373 | Spider:1 | Reached XP level 16. HP: 112/116 MP: 23/23
 26971 | Spider:3 | Entered Level 3 of the Spider Nest
 28367 | Spider:3 | Reached skill level 13 in Fighting
 28613 | Spider:3 | Reached XP level 17. HP: 122/122 MP: 25/25
 28735 | Spider:3 | Got a gossamer rune of Zot
 29289 | Elf:1    | Entered Level 1 of the Elven Halls
 29551 | Elf:1    | Noticed Saint Roka
 29598 | Elf:1    | Killed Saint Roka
 31083 | Elf:1    | Identified the Compendium of Evil Rituals
 31378 | Elf:2    | Reached skill level 10 in Armour
 31508 | Elf:2    | Found Ocosu's Distillery.
 31776 | Elf:2    | Found a runed gate.
 31776 | Elf:2    | Found a runed gate.
 31777 | Elf:2    | Found a runed gate.
 32226 | Elf:2    | Reached XP level 18. HP: 117/129 MP: 26/26
 33119 | Elf:3    | Entered Level 3 of the Elven Halls
 33238 | Elf:3    | Found an ancient bone altar of Kikubaaqudgha.
 33378 | Elf:3    | Found a runed translucent door.
 33598 | Elf:3    | Noticed flt's ghost (adept DsAc)
 33867 | Elf:3    | Noticed an Ice Fiend
 33879 | Elf:3    | Reached skill level 10 in Dodging
 34687 | Elf:3    | Found a runed translucent door.
 34838 | Elf:3    | Found an ancient bone altar of Kikubaaqudgha.
 35238 | Elf:3    | Identified the +10 crystal plate armour "Adoeqit" {rC+
                  | SInv}
 35277 | Elf:3    | Identified the ring of Olipemp {Wiz rF+ MP+9 Slay+5}
 35279 | Elf:3    | Reached skill level 14 in Fighting
 35543 | Elf:3    | Identified the Collected Works on Ashen Transformation
 35547 | Elf:3    | Identified the +8 scale mail of Lugonu's Envy {rElec rN+
                  | Dex-4}
 35552 | Elf:3    | Identified the +3 falchion "Grim Tooth" {protect, rElec
                  | rN+}
 35606 | Elf:3    | Identified the +0 ring mail "Zoxuo" {Str+6 Dex-3}
 35609 | Elf:3    | Identified the cursed +1 short sword of Huymeg {pierce, rF+
                  | Dex+4 SInv}
 35616 | Elf:3    | Identified the Handbook of the Unstable Frostbite
 35892 | Elf:3    | Killed flt's ghost
 36228 | Shoals:1 | Entered Level 1 of the Shoals
 36388 | Shoals:1 | Reached XP level 19. HP: 136/136 MP: 28/28
 36905 | Shoals:2 | Noticed Polyphemus
 36955 | Shoals:2 | Noticed Aizul
 36965 | Shoals:2 | Killed Aizul
 37011 | Shoals:2 | Noticed Bai Suzhen
 37045 | Shoals:1 | Killed Bai Suzhen
 37101 | Shoals:2 | Killed Polyphemus
 37406 | Shoals:2 | Reached skill level 15 in Fighting
 37480 | Shoals:2 | Identified the ring of Qedeluffoa {+Inv rPois rC+ rN+
                  | Dex+5}
 37760 | Shoals:3 | Entered Level 3 of the Shoals
 38732 | Shoals:3 | Got a barnacled rune of Zot
 39231 | Depths:1 | Entered Level 1 of the Depths
 39283 | Depths:1 | Reached skill level 16 in Fighting
 39327 | Depths:1 | Reached XP level 20. HP: 91/147 MP: 29/29
 39450 | Depths:1 | Reached skill level 15 in Maces & Flails
 39914 | Depths:1 | Identified the +2 ring mail "Vixa" {-Cast +Fly MP+9 Int+6}
 40024 | Depths:1 | Found a gateway to Hell.
 40216 | Depths:1 | Reached skill level 17 in Fighting
 40459 | Depths:1 | Identified the +6 battleaxe "Grim Tooth" {chop, Int+2}
 40488 | Depths:1 | Found a one-way gate to the infinite horrors of the Abyss.
 40819 | Depths:2 | Noticed Nikola
 40844 | Depths:2 | Killed Nikola
 41157 | Depths:2 | Found Wesmej's Assorted Antiques.
 41159 | Depths:2 | Found Jaomp's Armour Shop.
 41164 | Depths:2 | Found Meacar's Distillery.
 41173 | Depths:2 | Bought a +0 pair of boots of running for 472 gold pieces
 42110 | Depths:2 | Reached XP level 21. HP: 103/158 MP: 30/30
 42282 | Depths:3 | Found a stormy altar of Qazlal.
 42427 | Depths:3 | Found a one-way gate leading to the halls of Pandemonium.
 42525 | Depths:3 | Found a gateway to a ziggurat.
 42531 | Depths:3 | Identified the +2 scale mail "Feir" {+Inv rElec rC+ rCorr}
 43325 | Depths:3 | Found a gateway to a ziggurat.
 43564 | Depths:3 | Found a one-way gate leading to the halls of Pandemonium.
 43673 | Depths:3 | Found a stormy altar of Qazlal.
 44080 | D:10     | Bought an uncursed ring of resist corrosion for 340 gold
                  | pieces
 44326 | Slime:1  | Entered Level 1 of the Pits of Slime
 45074 | Slime:5  | Entered Level 5 of the Pits of Slime
 45295 | Slime:5  | Noticed the Royal Jelly
 45348 | Slime:5  | Reached skill level 15 in Shields
 45671 | Slime:5  | Found a viscous altar of Jiyva.
 45842 | Slime:5  | Killed the Royal Jelly
 46008 | Slime:5  | Identified the +10 scimitar of Sunwuguk {speed, rPois rN+
                  | Str+2 Int+3}
 46021 | Slime:5  | Identified the Incunabulum of Good Luck
 46043 | Slime:5  | Identified the cursed ring of Ryarghaso {rF+ rC++ MR+ Str-2
                  | Stlth+}
 46072 | Slime:5  | Got a slimy rune of Zot
 46073 | Slime:5  | Identified the ring of Qothref {*Contam rF+ MP+9 Dex+4}
 46084 | Slime:5  | Identified the +1 leather armour of the Volcano {rElec
                  | Str+6 Int-3}
 46092 | Slime:5  | Identified the +4 ring mail "Nestras" {rN+ Dex+4}
 46098 | Slime:5  | Identified the ring of Feikewk {Dex+4 Stlth+}
 46102 | Slime:5  | Identified the +6 hand crossbow of Cruel Justice {venom,
                  | rN+ MR+}
 46456 | D:10     | Bought a scroll of magic mapping for 45 gold pieces
 46874 | D:12     | Learned a level 1 spell: Apportation
 46932 | Pan      | Entered Pandemonium
 46943 | Pan      | Reached XP level 22. HP: 164/164 MP: 32/32
 46953 | Pan      | Noticed Detwivum the pandemonium lord
 46954 | Pan      | Killed from afar by a hellion

Skill      XL: |  1  2  3  4  5  6  7  8  9 10 11 12 13 14 15 16 17 18 19 20 21 |
---------------+----------------------------------------------------------------+-----
Maces & Flails | 2 3 4 5 6 7 8 9 10 11 12 13 14 15 16 | 16.0
Dodging        | 1 2 3 4 5 6 7 8 9 10 11 12 | 12.2
Fighting       | 4 5 7 8 9 10 11 12 13 14 16 17 | 17.9
Shields        | 3 4 5 6 7 8 9 10 11 12 13 14 15 | 15.0
Armour         | 3 4 5 6 7 8 9 10 11 12 14 | 14.0
Evocations     | 1 3 5 6 8 9 10 11 12 13 | 13.7
Invocations    | 2 3 |  3.0

Action                   |  1- 3 |  4- 6 |  7- 9 | 10-12 | 13-15 | 16-18 | 19-21 | 22-24 || total
-------------------------+-------+-------+-------+-------+-------+-------+-------+-------++-------
Melee: Flail             |   186 |   225 |   300 |   647 |   725 |       |       |       ||  2083
       Morningstar       |       |       |       |       |  1149 |  1368 |       |       ||  2517
       Eveningstar       |       |       |       |       |       |   303 |  1333 |     1 ||  1637
 Fire: Blowgun           |       |       |       |       |       |    28 |       |       ||    28
Throw: Stone             |       |       |     1 |    10 |       |     2 |     5 |       ||    18
       Tomahawk          |       |       |       |     1 |       |       |       |       ||     1
Invok: Ancestor Life: Ba |       |       |     1 |       |       |       |       |       ||     1
       Transference      |       |       |     2 |     2 |    11 |    16 |    25 |       ||    56
       Recall Ancestor   |       |       |     1 |     4 |     9 |     7 |    16 |       ||    37
 Abil: Evoke Invisibilit |       |       |     1 |     3 |     4 |     4 |     2 |       ||    14
       Evoke Flight      |       |       |       |       |       |       |     1 |       ||     1
Evoke: Wand              |       |       |       |    33 |     3 |       |     8 |       ||    44
       Lightning rod     |       |       |       |       |     6 |       |     4 |       ||    10
       Lamp of fire      |       |       |       |       |       |       |     2 |       ||     2
       Phial of floods   |       |       |       |       |       |       |     1 |       ||     1
  Use: Scroll            |       |     6 |       |     5 |    13 |     8 |     2 |     1 ||    35
 Stab: Distracted        |       |       |     3 |    11 |    25 |    24 |    21 |       ||    84
       Invisible         |       |       |     1 |     4 |    10 |    18 |    13 |       ||    46
       Petrified         |       |       |       |       |     4 |       |       |       ||     4
       Sleeping          |       |       |       |       |     2 |       |       |       ||     2
Armor: Scale mail        |    76 |    70 |    59 |       |       |       |       |       ||   205
       Ring mail         |       |       |    29 |   213 |   226 |       |       |       ||   468
       Iron dragon scale |       |       |       |       |   561 |  1506 |       |       ||  2067
       Crystal plate arm |       |       |       |       |       |    34 |   624 |     1 ||   659
Dodge: Dodged            |    51 |    39 |    63 |   317 |   589 |   501 |   308 |       ||  1868
Block: Medium shield     |    71 |       |       |   670 |  1977 |  2258 |  1171 |       ||  6147
       Large shield      |    45 |   210 |   284 |    94 |       |       |       |       ||   633
